 Dungeon Crawl Stone Soup version 0.17-a0-530-gbe3d13a (webtiles) character file.

12679 Hanyuu the Covert (level 12, -10/77 HPs)
             Began as a Kobold Assassin on Apr 12, 2015.
             Was an Elder of Dithmenos.
             Mangled by a cyan ugly thing (17 damage)
             ... on level 11 of the Dungeon.
             The game lasted 01:23:31 (15975 turns).

Hanyuu the Covert (Kobold Assassin)                Turns: 15975, Time: 01:23:31

Health: -10/77     AC:  6    Str: 11    XL:     12   Next: 23%
Magic:  15/15      EV: 29    Int:  9    God:    Dithmenos [****..]
Gold:   106        SH:  0    Dex: 21    Spells: 1 memorised, 13 levels left

rFire  . . .     SeeInvis +     a - +3 dagger (venom)
rCold  . . .     Clarity  .     (no armour)
rNeg   + . .     SustAb   .     (shield restricted)
rPois  .         Gourm    .     E - +2 helmet {SInv}
rElec  .         Spirit   .     T - +0 cloak
rCorr  .         Warding  +     p - +1 pair of gloves
rMut   .         Stasis   .     (no boots)
MR     .....                    K - amulet of warding
Stlth  ++++++++++               J - ring of stealth
                                n - +4 ring of evasion

@: wreathed by umbra, not resistant to hostile enchantments, uncannily stealthy
A: hooves 1, carnivore 3
a: Shadow Step, Renounce Religion


You were on level 11 of the Dungeon.
You worshipped Dithmenos.
Dithmenos was greatly pleased with you.
You were full.

You visited 2 branches of the dungeon, and saw 13 of its levels.
You also visited: Ossuary and Bailey.

You collected 663 gold pieces.
You spent 557 gold pieces at shops.

Inventory:

Hand weapons
 a - a +3 dagger of venom (weapon)
 b - a +1 blowgun
 d - a +4 dagger
Missiles
 e - 14 poisoned needles
 f - 2 curare-tipped needles
 i - 3 needles of frenzy
Armour
 p - a +1 pair of gloves (worn)
 B - a cursed +1 robe of resistance
 E - a +2 helmet of see invisible (worn)
 H - a +2 robe of the Archmagi
 L - a +0 buckler
 T - a +0 cloak (worn)
Jewellery
 n - a +4 ring of evasion (left hand)
 x - an uncursed ring of see invisible
 J - a ring of stealth (right hand)
 K - an amulet of warding (around neck)
 R - an uncursed ring of ice
Magical devices
 c - a wand of magic darts (29)
 m - a wand of digging (10)
 C - a wand of paralysis (5)
 N - a wand of polymorph (8)
 S - a wand of hasting (1)
 W - a wand of lightning (0)
 Y - a wand of disintegration (7)
Scrolls
 h - 3 scrolls of remove curse
 k - 4 scrolls of teleportation
 r - a scroll of enchant armour
 t - 3 scrolls of amnesia
 v - 2 scrolls of enchant weapon
 y - 5 scrolls of recharging
 A - a scroll of fear
 F - a scroll of identify
Potions
 j - a potion of resistance {unknown}
 o - 3 potions of cancellation
 q - 2 potions of curing
 s - 2 potions of agility
 u - a potion of ambrosia {unknown}
 z - a potion of flight
 D - a potion of might {unknown}
 G - 2 potions of brilliance
 M - a potion of poison {unknown}
 O - a potion of restore abilities
 U - a potion of lignification
 V - a potion of beneficial mutation {unknown}
Books
 l - a book of Air

   Spells                             Type                      Level
   a - Shock                          Conjuration/Air              1
   b - Swiftness                      Charms/Air                   2
   c - Repel Missiles                 Charms/Air                   2
   d - Flight                         Charms/Air                   3
   e - Static Discharge               Conjuration/Air              3
   f - Lightning Bolt                 Conjuration/Air              5
Miscellaneous
 w - a plain deck of wonders
Comestibles
 g - 7 meat rations
 P - a royal jelly


   Skills:
 + Level 9.9 Fighting
 + Level 11.4 Short Blades
 - Level 4.0 Throwing
 + Level 10.0 Dodging
 + Level 13.2 Stealth
 + Level 5.0 Shields
 + Level 2.3 Spellcasting
 - Level 1.0 Evocations


You had 13 spell levels left.
You knew the following spells:

 Your Spells              Type           Power        Failure   Level  Hunger
a - Swiftness             Chrm/Air       #.......     52%         2    ###....


Dungeon Overview and Level Annotations

Branches:
Dungeon (12/15)            Temple (1/1) D:7            Lair (0/8) D:10
    Orc (0/4) D:10

Altars:
Ashenzari
Cheibriados
Dithmenos
Elyvilon
Fedhas
Gozag
Kikubaaqudgha
Makhleb
Nemelex Xobeh
Okawaru
Qazlal
Ru
Sif Muna
Trog
Vehumet
Xom
Yredelemnul
Zin
The Shining One

Shops:
D:6 =   D:10 *


Innate Abilities, Weirdness & Mutations

You are small and have problems with some larger weapons.
You are carnivorous and can eat meat at any time.
You have large cloven feet.


Message History

You hit the cyan ugly thing but do no damage.
The cyan ugly thing looks even sicker.
You kick the cyan ugly thing, but do no damage.
The cyan ugly thing is heavily wounded.
The cyan ugly thing misses you. The cyan ugly thing punches you.
The cyan ugly thing shocks you!
* * * LOW HITPOINT WARNING * * *
Drink which item? (? for menu, Esc to quit)
You feel better.
The cyan ugly thing completely misses you.
The cyan ugly thing closely misses you.
You see here a quokka corpse.
There is an open door here.
You see here a club.
You completely miss the cyan ugly thing.
The cyan ugly thing is severely wounded.
The cyan ugly thing punches you!
* * * LOW HITPOINT WARNING * * *
The cyan ugly thing shocks you!
You die...

.♣.. #.# ..... #.# ###### #.#
#.#### ########'## ...#
#.........# ########'####
#....>....#
#.........[.#####.........###
##...........')..#.........'.#
.'.........).###@#†.......)#.#
##........)..# #.u..)[.....#.#
#...<....)..# ###.........#..
############# #..(......##..
#.(.......# ##. ########### ##


You could see a cyan ugly thing.

Vanquished Creatures
  Erica (D:10)
  An unseen horror (D:11)
  3 orc knights
  Pikel (D:5)
  An ugly thing (D:11)
  Maurice (D:9)
  Joseph (D:8)
  A centaur zombie (D:11)
  Psyche (D:8)
  A komodo dragon (D:11)
  A two-headed ogre (D:8)
  A trapdoor spider zombie (D:8)
  A yak (D:11)
  A trapdoor spider (D:11)
  A hungry ghost (D:8)
  A spriggan (D:7)
  A steam dragon (D:10)
  A deep elf mage (D:10)
  2 hippogriffs
  Menkaure (Ossuary)
  Edmund (D:4)
  2 wargs (D:10)
  2 phantoms
  2 ice beasts
  A water moccasin (D:8)
  A wasp (D:7)
  A black bear (D:7)
  A necrophage (D:5)
  8 orc warriors
  3 ogres
  6 centaurs
  2 big kobolds (D:9)
  An elf zombie (D:8)
  Blork the orc (D:10)
  A gnoll sergeant (D:7)
  The ghost of emiel the Scratcher, an average FeTm of Cheibriados (D:4)
  5 giant frogs
  An elf skeleton (D:8)
  6 killer bees (D:7)
  A wyvern skeleton (D:7)
  5 scorpions
  7 wights
  2 jellies (D:10)
  3 crimson imps
  3 goliath beetles
  4 hounds
  A quasit (D:5)
  A wasp zombie (D:6)
  A human skeleton (D:8)
  7 orc priests
  A centaur skeleton (D:5)
  A gnoll shaman (D:9)
  3 iguanas
  9 orc wizards
  10 worker ants
  2 killer bee zombies
  4 mummies
  A worker ant zombie (D:10)
  21 adders
  10 gnolls
  3 shadow imps
  4 worms
  2 adder skeletons
  The ghost of Yermak the Sneak, a weakling SpEn (D:3)
  4 giant geckos
  47 orcs
  9 bats
  3 bat skeletons
  A bat zombie (D:7)
  6 giant cockroaches
  6 gnoll zombies (Ossuary)
  13 goblins
  15 hobgoblins
  28 kobolds
  8 quokkas
  A ball python (D:6)
  3 giant newts
  A giant spore (D:8)
  A gnoll skeleton (Ossuary)
  5 hobgoblin skeletons (Ossuary)
  4 hobgoblin zombies (Ossuary)
  26 jackals
  A jackal zombie (D:8)
  2 kobold skeletons (Ossuary)
  2 orc skeletons (D:8)
  An orc zombie (D:8)
  16 rats
  2 rat skeletons (Ossuary)
  A rat zombie (Ossuary)
  3 ballistomycetes (D:9)
385 creatures vanquished.

Vanquished Creatures (others)
  A mummy (Ossuary)
  An adder (D:5)
  A giant spore (D:9)
  2 gnoll skeletons (Ossuary)
  2 goblin skeletons (Ossuary)
  4 goblin zombies (Ossuary)
  3 hobgoblin skeletons (Ossuary)
  3 hobgoblin zombies (Ossuary)
  2 kobold skeletons (Ossuary)
  3 kobold zombies (Ossuary)
  4 orc skeletons (Ossuary)
  4 orc zombies (Ossuary)
  2 rat skeletons (Ossuary)
32 creatures vanquished.

Grand Total: 417 creatures vanquished

Notes
Turn   | Place    | Note
--------------------------------------------------------------
     0 | D:1      | Hanyuu, the Kobold Assassin, began the quest for the Orb.
     0 | D:1      | Reached XP level 1. HP: 12/12 MP: 1/1
    73 | D:1      | Reached XP level 2. HP: 13/18 MP: 2/2
   889 | D:2      | Reached XP level 3. HP: 7/22 MP: 3/3
  1277 | D:2      | Reached XP level 4. HP: 20/28 MP: 4/4
  1285 | D:2      | Reached skill level 6 in Stealth
  1356 | D:2      | Found a white marble altar of Elyvilon.
  1759 | D:2      | You fall through a shaft!
  1772 | D:3      | Reached XP level 5. HP: 19/32 MP: 5/5
  2352 | D:3      | Noticed Yermak's ghost (weakling SpEn)
  2758 | D:3      | Killed Yermak's ghost
  2758 | D:3      | Reached XP level 6. HP: 32/38 MP: 6/6
  3104 | D:4      | Found a radiant altar of Vehumet.
  3134 | D:4      | Reached skill level 5 in Short Blades
  3134 | D:4      | Reached skill level 7 in Stealth
  3340 | D:4      | Reached XP level 7. HP: 20/44 MP: 7/7
  3447 | D:4      | Noticed emiel's ghost (average FeTm)
  4093 | D:4      | Killed emiel's ghost
  4249 | D:5      | Entered Level 5 of the Dungeon
  4254 | D:5      | Noticed Edmund
  4436 | D:4      | Killed Edmund
  4436 | D:4      | Reached skill level 5 in Fighting
  4529 | D:5      | Reached XP level 8. HP: 42/49 MP: 8/8
  4672 | D:5      | Reached skill level 8 in Stealth
  5816 | D:5      | Reached skill level 5 in Dodging
  5852 | D:5      | Noticed Pikel
  5895 | D:5      | Killed Pikel
  5895 | D:5      | Reached skill level 9 in Stealth
  5895 | D:5      | Reached XP level 9. HP: 49/56 MP: 9/9
  6132 | D:6      | Found Wasuner's Jewellery Shoppe.
  6145 | D:6      | Bought an uncursed ring of stealth for 175 gold pieces
  6178 | D:6      | Reached skill level 1 in Evocations
  6974 | D:7      | Found a staircase to the Ecumenical Temple.
  7008 | D:7      | Reached skill level 10 in Stealth
  7128 | Temple   | Entered the Ecumenical Temple
  7233 | Temple   | Became a worshipper of Dithmenos the Shadowed
  7399 | D:7      | Reached XP level 10. HP: 63/63 MP: 10/10
  7676 | D:7      | Found a stormy altar of Qazlal.
  7682 | D:7      | Reached skill level 1 in Shields
  7939 | D:8      | Reached skill level 11 in Stealth
  8260 | D:8      | Found a sand-covered staircase.
  8265 | Ossuary  | Entered an ossuary
  8620 | Ossuary  | Noticed Menkaure
  8632 | Ossuary  | Killed Menkaure
  8806 | D:8      | Noticed Joseph
  8886 | D:8      | Killed Joseph
  9101 | D:8      | Noticed Psyche
  9107 | D:8      | Killed Psyche
  9254 | D:8      | Found a radiant altar of Vehumet.
  9470 | D:8      | Reached skill level 10 in Short Blades
  9740 | D:9      | Acquired Dithmenos's first power
 10218 | D:9      | Reached XP level 11. HP: 69/69 MP: 11/11
 10488 | D:9      | Noticed Maurice
 10491 | D:9      | Killed Maurice
 10538 | D:9      | Reached skill level 12 in Stealth
 11674 | D:9      | Upgraded the game from 0.17-a0-512-gd6a67cc to 0.17-a0-530-gbe3d13a
 11688 | D:10     | Entered Level 10 of the Dungeon
 11912 | D:10     | Found Yrheu's General Store.
 11917 | D:10     | Acquired Dithmenos's second power
 11919 | D:10     | Noticed Blork the orc
 11919 | D:10     | Noticed an orc knight
 11967 | D:10     | Killed Blork the orc
 11988 | D:10     | Killed an orc knight
 12069 | D:10     | Bought a scroll of identify for 22 gold pieces
 12078 | D:10     | Noticed an orc knight
 12138 | D:10     | Killed an orc knight
 12269 | D:10     | Found a staircase to the Lair.
 12335 | D:10     | Noticed Erica
 12655 | D:10     | Killed Erica
 12885 | D:10     | Learned a level 2 spell: Swiftness
 13310 | D:10     | Found a staircase to the Orcish Mines.
 13828 | D:11     | Found a flagged portal.
 13897 | D:11     | Reached skill level 1 in Spellcasting
 14312 | D:11     | Noticed a green ugly thing
 14360 | D:11     | Killed a green ugly thing
 14425 | D:11     | Noticed an unseen horror
 14429 | Bailey   | Entered a bailey
 14596 | Bailey   | Reached skill level 13 in Stealth
 14882 | Bailey   | Noticed an orc knight
 14910 | Bailey   | Reached XP level 12. HP: 76/76 MP: 14/14
 14985 | Bailey   | Killed an orc knight
 15042 | Bailey   | Got a smoking crystal plate armour
 15069 | Bailey   | Identified the +4 crystal plate armour "Uklaexo" {Contam rC+ rCorr Int+6} (You found it in a bailey)
 15086 | Bailey   | Gained mutation: You have large cloven feet. [mutagenic glow]
 15234 | D:11     | Killed an unseen horror
 15234 | D:11     | Reached skill level 10 in Dodging
 15576 | D:6      | Bought a +4 ring of evasion for 360 gold pieces
 15787 | D:11     | Acquired Dithmenos's third power
 15932 | D:11     | Noticed a cyan ugly thing
 15950 | D:11     | Reached skill level 5 in Shields
 15975 | D:11     | Mangled by a cyan ugly thing

Action                   |  1- 3 |  4- 6 |  7- 9 | 10-12 || total
-------------------------+-------+-------+-------+-------++-------
Melee: Dagger            |    87 |   185 |   534 |   988 ||  1794
       Quarterstaff      |       |    18 |       |       ||    18
       Unarmed           |       |       |       |    63 ||    63
       Blowgun           |       |       |       |     1 ||     1
 Fire: Blowgun           |     9 |    14 |    82 |   195 ||   300
Throw: Tomahawk          |       |       |       |     3 ||     3
Evoke: Wand              |       |       |     2 |     7 ||     9
  Use: Scroll            |     7 |     3 |     4 |    11 ||    25
       Potion            |       |       |     4 |    10 ||    14
 Stab: Sleeping          |     8 |    17 |    21 |    53 ||    99
       Distracted        |       |       |     3 |     8 ||    11
       Paralysed         |       |       |       |     1 ||     1
  Eat: Chunk             |     3 |     6 |    18 |    21 ||    48
       Meat ration       |       |       |       |     1 ||     1
